 Dungeon Crawl Stone Soup version 0.21-a0-538-gd16b88a (webtiles) character file.

99 slep the Ducker (level 4, -7/34 HPs)
             Began as a Merfolk Gladiator on Dec 17, 2017.
             Mangled by a phantom (8 damage)
             ... on level 4 of the Dungeon.
             The game lasted 00:03:23 (1460 turns).

slep the Ducker (Merfolk Gladiator)                 Turns: 1460, Time: 00:03:24

Health: -7/34      AC:  4    Str: 15    XL:     4   Next: 72%
Magic:  4/4        EV: 14    Int:  7    God:
Gold:   137        SH:  0    Dex: 15    Spells: 3/3 levels left

rFire    . . .     SeeInvis .   a - +0 war axe
rCold    . . .     Gourm    .   (no shield)
rNeg     . . .     Faith    .   b - +0 leather armour
rPois    .         Spirit   .   c - +0 helmet
rElec    .         Reflect  .   g - scarf {repulsion}
rCorr    .         Harm     .   (no gloves)
MR       .....                  (no boots)
Stlth    +.........             (no amulet)
HPRegen  0.11/turn              (no ring)
MPRegen  0.09/turn              (no ring)

@: repel missiles
A: change form in water, swift swim, stealthy swim
a: no special abilities


You were on level 4 of the Dungeon.
You were not hungry.

You visited 1 branch of the dungeon, and saw 4 of its levels.

You collected 137 gold pieces.

Inventory:

Hand Weapons
 a - a +0 war axe (weapon)
Missiles
 d - 3 throwing nets (quivered)
Armour
 b - a +0 leather armour (worn)
 c - a +0 helmet (worn)
 g - a scarf of repulsion (worn)
Scrolls
 h - 2 scrolls of identify {unknown}
 i - a scroll of noise {unknown}
 j - 3 scrolls of teleportation {unknown}
 l - a scroll of immolation {unknown}
 n - a scroll of remove curse {unknown}
 o - a scroll of blinking {unknown}
 p - a scroll of amnesia {unknown}
 r - a scroll of magic mapping {unknown}
Potions
 e - a potion of might {unknown}
 k - a potion of degeneration {unknown}
 m - 3 potions of curing {unknown}
Comestibles
 f - 3 bread rations


   Skills:
 + Level 2.6 Fighting
 + Level 3.7 Axes
 + Level 2.2 Throwing
 + Level 1.0 Armour
 + Level 4.3 Dodging


You had 3 spell levels left.
You didn't know any spells.

Dungeon Overview and Level Annotations

Branches:
Dungeon (4/15)
 Temple: D:4-7

Altars:


Message History

Found a stone staircase leading up.
A phantom comes into view.
The phantom closely misses you.
You miss the phantom. The phantom hits you!
You barely miss the phantom. The phantom barely misses you.
You barely miss the phantom. The phantom hits you. The phantom hits you!
The phantom blinks!
You hit the phantom.
The phantom is lightly damaged.
The phantom closely misses you.
You closely miss the phantom.
The phantom is lightly damaged.
The phantom hits you.
The phantom blinks!
The phantom blinks!
The phantom hits you.
* * * LOW HITPOINT WARNING * * *
The phantom hits you!
* * * LOW HITPOINT WARNING * * *
The phantom hits you!
You die...

#.. ..# #.# ###.##.
#.###..... # # #.##....#
.### #.. #.##<...##
#####....
#...#####.##.....###.....#
........#.........##.....#
..............W@.........#
........###.......##.<...#
#...##### #......###.....#
#.# #..###.# ####### .
#... ..# ###.#... .#....
.#.....


You could see a phantom.

Vanquished Creatures
  Jessica (D:2)
  3 adders (D:2)
  An ooze (D:1)
  A worm (D:2)
  2 leopard geckos
  3 giant cockroaches
  6 hobgoblins
  7 kobolds
  A quokka (D:2)
  3 bats
  5 goblins
  4 rats
37 creatures vanquished.

Notes
Turn   | Place    | Note
-------+----------+-------------------------------------------
     0 | D:1      | slep the Merfolk Gladiator began the quest for the Orb.
     0 | D:1      | Reached XP level 1. HP: 16/16 MP: 1/1
   325 | D:1      | Reached XP level 2. HP: 20/22 MP: 2/2
   619 | D:1      | Reached XP level 3. HP: 28/28 MP: 3/3
   838 | D:2      | Noticed Jessica
   842 | D:2      | Killed Jessica
   892 | D:2      | Reached XP level 4. HP: 27/34 MP: 4/4
  1204 | D:2      | Reached skill level 1 in Armour
  1443 | D:4      | Noticed a phantom
  1458 | D:4      | HP: 1/34 [phantom (8)]
  1460 | D:4      | Mangled by a phantom

Vault maps used:
D:1:      shiori_arrival_maze
D:2:      uniq_jessica
D:3:      lemuel_round_altar, chequers_ecumenical_altar_simple_redux,
          fedhas_altar_1
D:4:      doesnt_xom_only_xom, temple_statues, uniq_menkaure, uniq_pikel,
          uniq_ijyb

Skill      XL: |  1  2  3  4 |
---------------+-------------+-----
Axes           | 3 |  3.7
Armour         | 1 |  1.0
Fighting       | |  2.6
Throwing       | |  2.2
Dodging        | |  4.3

Action                   |  1- 3 |  4- 6 || total
-------------------------+-------+-------++-------
Melee: War axe           |    57 |    39 ||    96
  Eat: Chunk             |       |     2 ||     2
Armor: Leather armour    |    14 |     7 ||    21
Dodge: Dodged            |    58 |    28 ||    86

Table legend:
 A = Spawn XP
 B = Non-spawn XP
 C = Spawn XP percentage of total XP
 D = Spawn monster count
 E = Non-spawn monster count
 F = Spawn count percentage of total count
 G = Total turns spent on level
                    A         B        C        D         E        F      G
               +---------+---------+-------+---------+---------+-------+---------
         Total |       0 |     142 |   0.0 |       0 |      37 |   0.0 |  1460
               +---------+---------+-------+---------+---------+-------+---------
           D:1 |       0 |      37 |   0.0 |       0 |      19 |   0.0 |   838
           D:2 |       0 |     105 |   0.0 |       0 |      18 |   0.0 |   574
               +---------+---------+-------+---------+---------+-------+---------
